 Dungeon Crawl Stone Soup version 0.21.1-1-g345015f (webtiles) character file.

9973 Kairos the Cleaver (level 11, -24/99 HPs)
             Began as a Hill Orc Monk on Mar 27, 2018.
             Was a High Priest of Okawaru.
             Annihilated by a minotaur
             ... wielding a +0 great mace
              (35 damage)
             ... in a labyrinth.
             The game lasted 00:35:16 (12960 turns).

Kairos the Cleaver (Hill Orc Monk)                 Turns: 12960, Time: 00:35:17

Health: -24/99     AC: 16    Str: 26    XL:     11   Next: 54%
Magic:  7/12       EV: 10    Int: 10    God:    Okawaru [*****.]
Gold:   625        SH:  4    Dex: 15    Spells: 9/10 levels left

rFire    . . .     SeeInvis +   C - +0 broad axe (elec)
rCold    . . .     Gourm    .   J - +1 buckler {AC+3}
rNeg     . . .     Faith    .   l - +0 chain mail
rPois    .         Spirit   .   B - +0 hat {SInv}
rElec    .         Reflect  .   (no cloak)
rCorr    .         Harm     .   (no gloves)
MR       .....                  (no boots)
Stlth    ..........             (no amulet)
HPRegen  0.26/turn              m - +5 ring of strength
MPRegen  0.13/turn              N - +2 ring of protection

@: mighty, finesse
A: no striking features
a: Heroism, Finesse, Renounce Religion


You were in a labyrinth.
You worshipped Okawaru.
Okawaru was extremely pleased with you.
You were not hungry.

You visited 1 branch of the dungeon, and saw 10 of its levels.
You also visited: Labyrinth.

You collected 625 gold pieces.

Inventory:

Hand Weapons
 i - a +0 whip of freezing
 k - a +1 mace of draining
 p - a +2 quarterstaff of chaos
 C - a +0 broad axe of electrocution (weapon)
 I - a +2 vampiric trident
 O - a +2 war axe of chopping
Missiles
 q - 12 javelins (quivered)
 w - 9 tomahawks
Armour
 l - a +0 chain mail (worn)
 B - a +0 hat of see invisible (worn)
 J - a +1 buckler of protection (worn)
Jewellery
 m - a +5 ring of strength (left hand)
 s - an uncursed ring of ice
 D - an uncursed ring of protection from cold
 K - an uncursed ring of wizardry
 N - a +2 ring of protection (right hand)
 P - a +6 ring of intelligence
 R - an uncursed ring of resist corrosion
Wands
 a - a wand of disintegration (13)
 Q - a wand of acid (9)
Scrolls
 d - a scroll of magic mapping
 h - 6 scrolls of teleportation
 o - 4 scrolls of enchant armour
 v - a scroll of silence {unknown}
 A - 3 scrolls of remove curse
 E - a scroll of blinking
 L - a scroll of noise {unknown}
Potions
 e - 2 potions of lignification {unknown}
 f - 2 potions of ambrosia {unknown}
 g - 3 potions of resistance
 r - 3 potions of brilliance {unknown}
 t - a potion of flight
 u - a potion of cancellation {unknown}
 x - 2 potions of mutation {unknown}
 z - 3 potions of heal wounds {unknown}
 F - a potion of magic {unknown}
Books
 y - a book of Changes

   Spells                             Type                      Level
   a - Beastly Appendage              Transmutation                1
   b - Sticks to Snakes               Transmutation                2
   c - Spider Form                    Transmutation/Poison         3
   d - Ice Form                       Ice/Transmutation            4
   e - Blade Hands                    Transmutation                5
 G - a book of Battle

   Spells                             Type                      Level
   a - Infusion                       Charms                       1
   b - Shroud of Golubria             Charms/Translocation         2
   c - Song of Slaying                Charms                       2
   d - Spectral Weapon                Hexes/Charms                 3
   e - Regeneration                   Charms/Necromancy            3
 H - a book of Geomancy

   Spells                             Type                      Level
   a - Sandblast                      Earth                        1
   b - Passwall                       Transmutation/Earth          2
   c - Stone Arrow                    Conjuration/Earth            3
   d - Petrify                        Transmutation/Earth          4
   e - Lee's Rapid Deconstruction     Earth                        5
Miscellaneous
 M - a fan of gales
Comestibles
 c - 2 rations


   Skills:
 + Level 9.9 Fighting
 + Level 11.0(11.3) Axes
 + Level 3.6(9.6) Maces & Flails
 + Level 8.7(9.0) Staves
 + Level 8.7 Armour
 + Level 4.4 Dodging
 + Level 2.9 Stealth
 + Level 0.1 Shields
 + Level 1.8 Invocations


You had 9 spell levels left.
You knew the following spells:

 Your Spells              Type           Power        Failure   Level  Hunger
a - Infusion              Chrm           #...         97%         1    ##.....


Dungeon Overview and Level Annotations

Branches:
Dungeon (11/15)            Temple (0/1) D:6             Orc (0/2) D:9
   Lair: D:8-11

Altars:
Dithmenos
Okawaru
Ru
The Shining One

Shops:
D:4 !

Annotations:
D:9 Maurice


Message History

The minotaur is lightly wounded.
The minotaur hits you with a great mace!!
The minotaur gores you but does no damage.
You hit the minotaur but do no damage.
The minotaur is lightly wounded.
You slice the minotaur!! Lightning courses through the minotaur!
The minotaur is severely wounded.
You slash the minotaur!
The minotaur is almost dead.
You hit the minotaur but do no damage.
The minotaur is almost dead.
You feel like a meek peon again.
The minotaur hits you with a great mace!!
* * * LOW HITPOINT WARNING * * *
The minotaur barely misses you.
You slash the minotaur!
The minotaur is almost dead.
You feel very mighty all of a sudden.
The minotaur hits you with a great mace!!
You die...

## ## . .# # #.
.# # . .# ..
.#####.###.#.#
.......#.....#
........@.####.#
.#########H.....#
# )8 8.8#..#.###
...H .'[.# #
=8:8.8 ..## . ##
#####..# # ...# #
# ... .... # . ##
#. ##.#


You could see a minotaur.

Vanquished Creatures
  Gastronok (D:9)
  Pikel (D:7)
  The ghost of Kairos the Cudgeler, a novice FoAK of Lugonu (D:4)
  A troll (D:11)
  Grinder (D:6)
  Prince Ribbit (D:4)
  Sigmund (D:2)
  A spriggan (D:7)
  3 redbacks (Lab)
  4 yaks (D:9)
  A basilisk (Lab)
  The ghost of bosm the Bolt Thrower, an amateur DsHu (D:3)
  9 hungry ghosts
  2 sky beasts
  2 ice beasts (D:9)
  2 black bears
  4 orc warriors (D:9)
  5 ogres
  A phantom (D:6)
  4 centaurs
  A crocodile (D:8)
  A big kobold (D:8)
  Blork the orc (D:6)
  7 bullfrogs
  2 earth elementals (Lab)
  A wyvern skeleton (D:8)
  3 scorpions
  3 howler monkeys
  7 crimson imps
  4 jellies
  A quasit (D:7)
  2 bullfrog zombies
  6 orc priests
  Crazy Yiuf (D:2)
  4 orc wizards
  A centaur skeleton (D:5)
  Jessica (D:2)
  Natasha (thrice) (D:3)
  4 iguanas
  4 worker ants
  A hound zombie (D:9)
  A worker ant zombie (D:7)
  11 adders
  4 gnolls (D:6)
  A shadow imp (D:5)
  3 oozes
  5 adder skeletons
  An adder zombie (D:5)
  2 worms
  5 dart slugs
  4 leopard geckos
  35 orcs
  8 bats
  7 giant cockroaches
  9 hobgoblins
  21 jackals
  3 quokkas
  A frilled lizard (D:2)
  9 goblins
  A jackal zombie (D:6)
  11 kobolds
  A leopard gecko skeleton (D:5)
  A quokka zombie (D:6)
  5 rats
253 creatures vanquished.

Vanquished Creatures (others)
  2 slaves (D:8)
  A worker ant (D:8)
  An adder (D:8)
  A shadow imp (D:8)
5 creatures vanquished.

Grand Total: 258 creatures vanquished

Notes
Turn   | Place    | Note
-------+----------+-------------------------------------------
     0 | D:1      | Kairos the Hill Orc Monk began the quest for the Orb.
     0 | D:1      | Reached XP level 1. HP: 19/19 MP: 1/1
   212 | D:1      | Reached XP level 2. HP: 27/27 MP: 2/2
   625 | D:1      | Reached XP level 3. HP: 33/33 MP: 3/3
   687 | D:1      | You fall through a shaft!
   687 | D:2      | Found a runed door.
   687 | D:2      | Noticed Jessica
   697 | D:2      | Killed Jessica
   838 | D:2      | Noticed Crazy Yiuf
   894 | D:1      | Reached skill level 5 in Axes
   894 | D:1      | Reached XP level 4. HP: 21/40 MP: 4/4
  1396 | D:2      | Noticed Sigmund
  1509 | D:2      | Killed Sigmund
  1509 | D:2      | Reached skill level 1 in Maces & Flails
  1509 | D:2      | Reached skill level 1 in Armour
  1509 | D:2      | Reached XP level 5. HP: 16/47 MP: 5/5
  1509 | D:2      | Reached XP level 6. HP: 18/53 MP: 6/6
  1741 | D:2      | Killed Crazy Yiuf
  2235 | D:3      | Noticed Natasha
  2240 | D:3      | Killed Natasha
  2348 | D:3      | Noticed bosm's ghost (amateur DsHu)
  2357 | D:3      | Killed bosm's ghost
  2357 | D:3      | Reached skill level 5 in Fighting
  2357 | D:3      | Reached XP level 7. HP: 43/61 MP: 7/7
  2380 | D:3      | Noticed Natasha
  2429 | D:3      | Killed Natasha
  2661 | D:3      | Noticed Natasha
  2667 | D:3      | Killed Natasha
  2683 | D:3      | Found a sacrificial altar of Ru.
  2783 | D:3      | Reached skill level 1 in Staves
  3097 | D:4      | Noticed Kairos's ghost (novice FoAK)
  3910 | D:4      | Killed Kairos's ghost
  3910 | D:4      | Reached XP level 8. HP: 42/70 MP: 0/8
  4044 | D:4      | Found Usoosat's Distillery.
  4463 | D:5      | Entered Level 5 of the Dungeon
  4463 | D:5      | Noticed Prince Ribbit
  4484 | D:4      | Killed Prince Ribbit
  4728 | D:5      | Reached skill level 5 in Armour
  4731 | D:5      | Reached skill level 5 in Staves
  4847 | D:5      | Reached XP level 9. HP: 68/78 MP: 9/9
  5755 | D:6      | Found an iron altar of Okawaru.
  5800 | D:6      | Became a worshipper of Warmaster Okawaru
  5800 | D:6      | Reached * piety under Okawaru
  5800 | D:6      | Reached ** piety under Okawaru
  5885 | D:6      | Noticed Blork the orc
  5896 | D:6      | Killed Blork the orc
  5917 | D:6      | Noticed Grinder
  5921 | D:6      | Paralysed by Grinder for 4 turns
  5950 | D:6      | Killed Grinder
  6170 | D:6      | Found a shadowy altar of Dithmenos.
  6265 | D:6      | Found a staircase to the Ecumenical Temple.
  6573 | D:7      | Found a glowing golden altar of the Shining One.
  6830 | D:7      | Reached XP level 10. HP: 78/88 MP: 10/10
  7059 | D:7      | Reached *** piety under Okawaru
  7140 | D:7      | Learned a level 1 spell: Infusion
  7526 | D:8      | Noticed Pikel
  7541 | D:7      | Killed Pikel
  7906 | D:8      | Reached skill level 6 in Axes
  8403 | D:9      | Noticed Gastronok
  9075 | D:9      | Reached skill level 7 in Axes
  9473 | D:9      | Reached **** piety under Okawaru
  9502 | D:9      | Killed Gastronok
  9502 | D:9      | Reached ***** piety under Okawaru
  9502 | D:9      | Reached skill level 9 in Axes
  9502 | D:9      | Reached XP level 11. HP: 73/97 MP: 11/11
  9639 | D:9      | Reached skill level 10 in Axes
 10084 | D:9      | Found a staircase to the Orcish Mines.
 10501 | D:9      | Noticed Maurice
 10502 | D:9      | You fall through a shaft for 2 floors!
 10548 | D:11     | Received a gift from Okawaru
 10776 | D:11     | Found a labyrinth entrance.
 10785 | Lab      | Entered a labyrinth
 11151 | Lab      | Reached skill level 1 in Invocations
 12678 | Lab      | Reached skill level 11 in Axes
 12867 | Lab      | Paralysed by fainting for 6 turns
 12942 | Lab      | Noticed a minotaur
 12960 | Lab      | Annihilated by a minotaur

Skill      XL: |  1  2  3  4  5  6  7  8  9 10 11 |
---------------+----------------------------------+-----
Fighting       | 4 5 6 7 9 |  9.9
Axes           | 5 9 11 | 11.0
Stealth        | 2 |  2.9
Dodging        | 3 4 |  4.4
Maces & Flails | 1 3 |  3.6
Armour         | 1 2 4 5 6 7 8 |  8.7
Staves         | 4 5 8 |  8.7
Invocations    | 1 |  1.8
Shields        | |  0.1

Action                   |  1- 3 |  4- 6 |  7- 9 | 10-12 || total
-------------------------+-------+-------+-------+-------++-------
Melee: Hand axe          |    78 |       |       |       ||    78
       Mace              |       |    99 |       |       ||    99
       Quarterstaff      |       |    21 |   412 |    51 ||   484
       War axe           |       |       |       |   129 ||   129
       Broad axe         |       |       |       |   192 ||   192
Invok: Heroism           |       |       |       |     6 ||     6
       Finesse           |       |       |       |     1 ||     1
  Use: Scroll            |       |       |       |    11 ||    11
       Potion            |       |       |       |     1 ||     1
 Stab: Sleeping          |     4 |       |       |       ||     4
       Confused          |       |       |     1 |       ||     1
  Eat: Chunk             |       |     4 |     8 |    12 ||    24
       Ration            |       |       |     2 |    10 ||    12
Armor: Robe              |    29 |       |       |       ||    29
       Chain mail        |       |    81 |   238 |   188 ||   507
Dodge: Dodged            |    88 |    73 |   194 |   172 ||   527
Block: Buckler           |       |       |       |    24 ||    24
